 Dungeon Crawl Stone Soup version 0.20-a0-1122-gb7cbeb9 (webtiles) character file.

3350 EvilAshe the Frost Mage (level 10, -1/81 HPs)
             Began as a Naga Ice Elementalist on May 14, 2017.
             Was an Elder of Dithmenos.
             Slain by an orc warrior
             ... wielding a +0 trident
              (10 damage)
             ... on level 8 of the Dungeon.
             The game lasted 00:40:39 (12615 turns).

EvilAshe the Frost Mage (Naga Ice Elementalist)    Turns: 12615, Time: 00:40:40

Health: -1/81      AC:  6    Str: 10    XL:     10   Next: 3%
Magic:  5/17       EV: 12    Int: 18    God:    Dithmenos [****..]
Gold:   627        SH:  0    Dex: 13    Spells: 8/19 levels left

rFire    . . .     SeeInvis +   o - -3 hand axe (curse)
rCold    . . .     Gourm    .   (no shield)
rNeg     . . .     Faith    .   a - +0 robe
rPois    +         Spirit   .   v - +1 helmet
rElec    .         Reflect  .   (no cloak)
rCorr    .         Harm     .   (no gloves)
MR       +....                  (no barding)
Stlth    +++.......             (no amulet)
Regen    0.3/turn               (no ring)
MPRegen  0.2/turn               (no ring)

@: hasted, wreathed by umbra, quick
A: see invisible, deformed body, poison resistance, slowness 2, slow metabolism
1, spit poison 1, AC +3
a: Spit Poison, Shadow Step, Renounce Religion


You were on level 8 of the Dungeon.
You worshipped Dithmenos.
Dithmenos was greatly pleased with you.
You were not hungry.

You visited 1 branch of the dungeon, and saw 8 of its levels.
You also visited: Ossuary.

You collected 627 gold pieces.

Inventory:

Hand Weapons
 g - a +6 flail of draining
 o - a cursed -3 hand axe (weapon)
 G - a cursed -3 quarterstaff
Armour
 a - a +0 robe (worn)
 v - a +1 helmet (worn)
 M - a +2 shield
Magical Staves
 r - an uncursed staff of poison {unknown}
Jewellery
 k - an uncursed amulet of regeneration {unknown}
 l - an uncursed ring of ice {unknown}
 p - a +2 ring of evasion {unknown}
 s - an uncursed ring of stealth {unknown}
 t - an uncursed ring of stealth {unknown}
 u - a +4 ring of evasion {unknown}
 y - a cursed -3 ring of intelligence {unknown}
 B - an uncursed ring of stealth {unknown}
 D - a +3 ring of intelligence {unknown}
Wands
 m - a wand of disintegration (1/24)
 C - a wand of enslavement (11/24)
Scrolls
 f - 2 scrolls of enchant armour
 i - a scroll of recharging
 H - 2 scrolls of teleportation
 I - a scroll of fog
 K - a scroll of fear
 L - a scroll of identify
Potions
 d - 5 potions of flight
 h - 5 potions of might
 n - a potion of cancellation
 q - a potion of agility
 w - 2 potions of mutation
 z - 7 potions of curing
 A - a potion of lignification
 E - 2 potions of ambrosia
 J - 2 potions of brilliance {unknown}
Books
 b - a book of Frost

   Spells                             Type                      Level
   a - Freeze                         Ice                          1
   b - Throw Frost                    Conjuration/Ice              2
   c - Ozocubu's Armour               Charms/Ice                   3
   d - Throw Icicle                   Conjuration/Ice              4
   e - Summon Ice Beast               Ice/Summoning                4
 x - a book of Cantrips

   Spells                             Type                      Level
   a - Confusing Touch                Hexes                        1
   b - Animate Skeleton               Necromancy                   1
   c - Summon Small Mammal            Summoning                    1
   d - Apportation                    Translocation                1
Comestibles
 c - 3 bread rations
 j - 3 royal jellies
 F - a chunk of flesh
 N - a meat ration


   Skills:
 + Level 2.6 Fighting
 + Level 4.3 Dodging
 - Level 3.0 Stealth
 + Level 1.9 Shields
 + Level 5.0 Spellcasting
 - Level 6.2 Conjurations
 - Level 5.0 Summonings
 - Level 8.3 Ice Magic


You had 8 spell levels left.
You knew the following spells:

 Your Spells              Type           Power        Failure   Level  Hunger
a - Freeze                Ice            ####         1%          1    None
b - Summon Ice Beast      Ice/Summ       ####....     9%          4    ####...
f - Throw Frost           Conj/Ice       ####..       1%          2    #......
i - Throw Icicle          Conj/Ice       ####....     7%          4    ####...


Dungeon Overview and Level Annotations

Branches:
Dungeon (8/15)             Temple (0/1) D:7
   Lair: D:8-11

Altars:
Cheibriados
Dithmenos
Elyvilon
Fedhas
Qazlal
Ru
Wu Jian
Xom
Zin

Shops:
D:4 %*?

Annotations:
D:5 Eustachio
D:6 Zigma's ghost, novice DrMo


Innate Abilities, Weirdness & Mutations

You cannot wear boots.
Your serpentine skin is tough. (AC +3)
You have supernaturally acute eyesight. (SInv)
Armour fits poorly on your strangely shaped body.
Your system is resistant to poisons. (rPois)
You cover ground very slowly.
You have a slow metabolism.
You can spit poison.


Message History

The centaur closely misses you. The centaur hits you.
The centaur barely misses you. x2
The orc warrior hits you from afar with a trident.
You see here an arrow.
The centaur hits you! The centaur barely misses you.
You see here an arrow.
Casting: Freeze
Confirm with . or Enter, or press ? or * to list all spells.
Aiming: Freeze
Press: ? - help, Shift-Dir - straight line, f/p - centaur
Aim: a centaur (severely wounded, umbra)
You freeze the centaur.
The centaur is severely wounded.
The centaur hits you!
The orc warrior hits you from afar with a trident!
* * * LOW HITPOINT WARNING * * *
The centaur closely misses you.
You feel yourself speed up.
The orc warrior hits you from afar with a trident!
You die...

#.###########
#.##........#
#.##........#
#####..'........#
#....###........#####
#...................#
#....####.#######.######
#....##.......# #.#.....
#.....)@#.###.# #.#.####
#.....(c#.#.#.# #.#.#
#....##o#.#.#.# #)#(#
#.....#.#.#...###.#.####
#.....o(#.#.............
#...o.###c#######.#.###.
#.....# #'# #.#.#
.....o.# #.#.# #.....#.#
#.#.#


You could see an orc warrior, a centaur and an orc.

Vanquished Creatures
  Edmund (D:4)
  A necrophage (D:5)
  2 sky beasts
  4 ogres
  2 centaurs
  2 bullfrogs
  A gnoll sergeant (D:7)
  2 scorpions (D:4)
  A water moccasin skeleton (D:7)
  2 crimson imps
  A quasit (D:4)
  A bullfrog skeleton (D:7)
  6 orc priests
  3 gnoll shamans (D:7)
  3 hounds
  4 orc wizards
  2 centaur skeletons
  4 iguanas
  Ijyb (D:4)
  Natasha (thrice) (D:3)
  4 worker ants
  3 gnolls (D:7)
  5 adders
  A howler monkey skeleton (D:7)
  2 shadow imps
  3 oozes
  3 adder zombies
  A worm (D:3)
  7 dart slugs
  4 leopard geckos
  23 orcs
  4 giant cockroaches
  10 goblins
  11 hobgoblins
  8 jackals
  17 kobolds
  3 quokkas
  3 ball pythons
  6 bats
  5 frilled lizards
  A kobold zombie (Ossuary)
  A leopard gecko skeleton (D:7)
  2 quokka skeletons (D:4)
  6 rats
179 creatures vanquished.

Vanquished Creatures (collateral kills)
  A two-headed ogre (D:8)
  2 ice beasts (D:7)
  A phantom (D:7)
  3 ogres
  A big kobold (D:7)
  2 howler monkeys (D:8)
  An orc priest (D:7)
  3 hounds
  A bullfrog skeleton (D:5)
  9 mummies
  A howler monkey zombie (D:5)
  A worker ant zombie (D:6)
  3 gnolls (D:7)
  An adder skeleton (D:7)
  A hobgoblin (D:7)
  2 jackals (D:6)
  2 hobgoblin zombies (Ossuary)
  A jackal skeleton (D:7)
  3 kobold zombies (Ossuary)
  2 orc zombies (Ossuary)
41 creatures vanquished.

Vanquished Creatures (others)
  An orc wizard (D:6)
  An orc (D:6)
  2 plants (D:7)
4 creatures vanquished.

Grand Total: 224 creatures vanquished

Notes
Turn   | Place    | Note
-------+----------+-------------------------------------------
     0 | D:1      | EvilAshe the Naga Ice Elementalist began the quest for the Orb.
     0 | D:1      | Reached XP level 1. HP: 15/15 MP: 3/3
   113 | D:1      | Reached XP level 2. HP: 18/22 MP: 0/5
   620 | D:1      | Reached XP level 3. HP: 27/28 MP: 2/6
   659 | D:1      | Learned a level 2 spell: Throw Frost
  1141 | D:2      | Found a shimmering altar of Xom.
  1387 | D:2      | Reached XP level 4. HP: 34/36 MP: 5/7
  1446 | D:2      | Found a shadowy altar of Dithmenos.
  1446 | D:2      | Found a white marble altar of Elyvilon.
  1451 | D:2      | Found a sacrificial altar of Ru.
  1453 | D:2      | Found an ornate altar of the Wu Jian Council.
  1454 | D:2      | Found a snail-covered altar of Cheibriados.
  1506 | D:2      | Became a worshipper of Dithmenos the Shadowed
  1613 | D:2      | Reached skill level 4 in Ice Magic
  2127 | D:2      | Learned a level 4 spell: Summon Ice Beast
  2519 | D:3      | Found a glowing silver altar of Zin.
  3186 | D:3      | Noticed Natasha
  3191 | D:3      | Killed Natasha
  3191 | D:3      | Reached XP level 5. HP: 36/42 MP: 5/9
  3342 | D:3      | Noticed Natasha
  3347 | D:3      | Killed Natasha
  3724 | D:3      | Noticed Natasha
  3729 | D:3      | Killed Natasha
  3729 | D:3      | Reached skill level 1 in Summonings
  3849 | D:4      | Found Ugodell's Magic Scroll Emporium.
  3862 | D:4      | Noticed a phantom
  3874 | D:4      | Found Lesom's Assorted Antiques.
  3879 | D:4      | Found Zuityseqo's Food Emporium.
  3910 | D:3      | HP: 1/42 [hound (4)]
  4130 | D:4      | Noticed a phantom
  4437 | D:4      | Noticed Edmund
  4447 | D:4      | Reached XP level 6. HP: 39/49 MP: 10/10
  4458 | D:4      | Killed Edmund
  4458 | D:4      | Reached skill level 5 in Ice Magic
  4718 | D:4      | Noticed Ijyb
  4724 | D:4      | Killed Ijyb
  4724 | D:4      | Reached XP level 7. HP: 48/55 MP: 7/11
  4776 | D:4      | Reached * piety under Dithmenos
  4869 | D:4      | Learned a level 4 spell: Throw Icicle
  4981 | D:4      | HP: 2/55 [phantom (10)]
  5058 | D:5      | Entered Level 5 of the Dungeon
  5985 | D:5      | Reached skill level 6 in Ice Magic
  6143 | D:5      | Reached ** piety under Dithmenos
  6150 | D:5      | Reached XP level 8. HP: 25/62 MP: 7/12
  6566 | D:5      | Noticed Eustachio
  6905 | D:5      | Noticed a sixfirhy
  7223 | D:6      | Found a blossoming altar of Fedhas.
  7257 | D:6      | Found a stormy altar of Qazlal.
  7374 | D:6      | Found a blossoming altar of Fedhas.
  7529 | D:6      | Found a sand-covered staircase.
  7541 | Ossuary  | Entered an ossuary
  8345 | D:6      | Reached skill level 5 in Summonings
  8454 | D:6      | Reached skill level 7 in Ice Magic
  8470 | D:6      | Noticed Zigma's ghost (novice DrMo)
  9586 | D:7      | Reached skill level 5 in Conjurations
  9586 | D:7      | Reached XP level 9. HP: 58/64 MP: 6/13
  9662 | D:6      | HP: 3/64 [Zigma's ghost (11)]
  9831 | D:6      | Reached *** piety under Dithmenos
 10260 | D:7      | Found a staircase to the Ecumenical Temple.
 10776 | D:7      | Reached skill level 8 in Ice Magic
 11966 | D:7      | Reached skill level 1 in Fighting
 12425 | D:8      | Noticed a two-headed ogre
 12452 | D:8      | Killed a two-headed ogre
 12452 | D:8      | Reached skill level 1 in Shields
 12456 | D:8      | Reached **** piety under Dithmenos
 12594 | D:8      | Reached XP level 10. HP: 81/81 MP: 7/17
 12608 | D:8      | Reached skill level 5 in Spellcasting
 12615 | D:8      | Slain by an orc warrior

Vault maps used:
D:1:      lemuel_arrival_broad_hall, st_stairs_12, hangedman_decor_riveting
D:2:      chequers_temple_overflow_minitemple, brannock_xom_greatest_gift
D:3:      zin_academy, uniq_natasha
D:4:      serial_shops, shop, shop, kennysheep_mini_moat, first_bread,
          kennysheep_generic_room_2, uniq_ijyb, uniq_edmund, uniq_robin
D:5:      uniq_eustachio
D:6:      nicolae_whirlpool, grunt_temple_overflow_forces_of_nature,
          gup_ossuary_entry_pyramid, basic_altar
D:7:      kennysheep_housing_project, temple_fountains
D:8:      vehumet_statue
Ossuary:  ossuary_tomb_3

Skill      XL: |  1  2  3  4  5  6  7  8  9 10 |
---------------+-------------------------------+-----
Dodging        | 2 3 4 |  4.3
Ice Magic      | 4 5 6 7 8 |  8.3
Summonings     | 1 2 3 5 |  5.0
Spellcasting   | 3 4 5 |  5.0
Conjurations   | 2 5 6 |  6.2
Fighting       | 2 |  2.6
Shields        | 1 |  1.9
Stealth        | |  3.0

Action                   |  1- 3 |  4- 6 |  7- 9 | 10-12 || total
-------------------------+-------+-------+-------+-------++-------
Melee: Unarmed           |    14 |       |       |       ||    14
       Hand axe          |       |    43 |   296 |       ||   339
 Cast: Freeze            |    43 |    76 |   167 |     6 ||   292
       Throw Frost       |       |       |    34 |       ||    34
       Summon Ice Beast  |       |       |    41 |       ||    41
       Throw Icicle      |       |       |     2 |       ||     2
 Abil: Spit Poison       |    15 |    11 |    37 |       ||    63
Evoke: Wand              |       |       |     4 |       ||     4
  Use: Scroll            |       |     9 |    19 |       ||    28
       Potion            |       |     2 |     3 |     1 ||     6
 Stab: Sleeping          |       |     5 |     6 |       ||    11
  Eat: Chunk             |     2 |     8 |    20 |     1 ||    31
       Meat ration       |       |       |     2 |       ||     2
       Fruit             |       |       |     6 |       ||     6
Armor: Robe              |    11 |    19 |   154 |     1 ||   185
Dodge: Dodged            |    31 |    75 |   297 |    12 ||   415
